 Dungeon Crawl Stone Soup version 0.19.0-22-gd96e5fe (webtiles) character file.

1227 McCoppin the Skirmisher (level 8, -2/57 HPs)
             Began as an Octopode Necromancer on Nov 19, 2016.
             Slain by a gnoll
             ... wielding a +0 spear
              (12 damage)
             ... on level 5 of the Dungeon.
             The game lasted 00:16:16 (6336 turns).

McCoppin the Skirmisher (Octopode Necromancer)      Turns: 6336, Time: 00:16:16

Health: -2/57      AC:  1    Str:  8    XL:     8   Next: 48%
Magic:  11/11      EV: 13    Int: 17    God:
Gold:   188        SH:  0    Dex: 14    Spells: 3 memorised, 4 levels left

rFire  . . .     SeeInvis .     g - +2 dagger (vamp)
rCold  . . .     Gourm    .     (no shield)
rNeg   . . .     Faith    .     (helmet restricted)
rPois  .         Spirit   .     (no amulet)
rElec  .         Reflect  .     (no ring)
rCorr  .         Harm     .     (no ring)
MR     .....                    (no ring)
Stlth  ++++......               (no ring)
                                (no ring)
                                (no ring)
                                (no ring)
                                (no ring)

@: about to teleport
A: almost no armour, stealthy swim, amphibious, 8 rings, constrict 8, camouflage
1, gelatinous body 1
a: no special abilities


You were on level 5 of the Dungeon.
You were not hungry.

You visited 1 branch of the dungeon, and saw 6 of its levels.

You collected 188 gold pieces.

Inventory:

Hand Weapons
 b - a +0 long sword
 e - a +3 dagger
 g - a +2 vampiric dagger (weapon)
Armour
 t - a +0 shield
Wands
 m - a wand of digging (16/24)
 q - a wand of polymorph (12/24)
Scrolls
 d - 5 scrolls of remove curse
 k - a scroll of teleportation
 o - a scroll of immolation {unknown}
 r - a scroll of noise {unknown}
 s - a scroll of enchant weapon {unknown}
Potions
 c - a potion of haste
 f - 2 potions of degeneration {unknown}
 i - a potion of might
 j - 2 potions of brilliance
 p - a potion of resistance
 u - 2 potions of invisibility
Books
 a - a book of Necromancy

   Spells                             Type                      Level
   a - Pain                           Necromancy                   1
   b - Animate Skeleton               Necromancy                   1
   c - Vampiric Draining              Necromancy                   3
   d - Regeneration                   Charms/Necromancy            3
   e - Animate Dead                   Necromancy                   4
   f - Control Undead                 Necromancy                   4
Comestibles
 n - a bread ration


   Skills:
 + Level 6.2 Fighting
 + Level 4.2 Long Blades
 - Level 2.0 Dodging
 - Level 6.0 Stealth
 - Level 2.0 Spellcasting
 - Level 6.1 Necromancy


You had 4 spell levels left.
You knew the following spells:

 Your Spells              Type           Power        Failure   Level  Hunger
a - Pain                  Necr           ###.         1%          1    #......
b - Vampiric Draining     Necr           ###.......   6%          3    ###....
c - Regeneration          Chrm/Necr      ##........   17%         3    ###....


Dungeon Overview and Level Annotations

Branches:
Dungeon (6/15)
 Temple: D:4-7

Altars:
Ashenzari
Cheibriados
Fedhas
Gozag
Makhleb
Nemelex Xobeh
Qazlal
Ru
Sif Muna
Trog
Vehumet
Xom
Yredelemnul

Annotations:
D:2 1 runed door
D:5 exclusion: ogre


Innate Abilities, Weirdness & Mutations

You cannot wear most types of armour.
You are very stealthy in the water. (Stealth+)
You are amphibious.
You can wear up to eight rings at the same time.
You can use your tentacles to constrict eight enemies at once.
Your skin changes colour to match your surroundings (Stealth+).
Your rubbery body absorbs attacks. (AC +1, EV +1)


Message History

Keep eating?
You continue eating. x2
You finish eating.
That bread ration really hit the spot!
A gnoll comes into view. It is wielding a club.
The gnoll hits you with a spear.
* * * LOW HITPOINT WARNING * * *
2 gnolls come into view.
The gnoll shouts! x2
You hit the gnoll but do no damage. Your grab misses the gnoll.
The gnoll barely misses you.
You completely miss the gnoll. Your grab misses the gnoll.
You barely miss the gnoll. Your grab misses the gnoll. You squeeze the gnoll.
The gnoll is lightly wounded.
The gnoll hits you with a spear!
* * * LOW HITPOINT WARNING * * *
Unknown command.
As you read the scroll labeled SOEHEVUOSA, it crumbles to dust.
You feel strangely unstable.
It was a scroll of teleportation.
The gnoll hits you with a spear!
You die...

######### ### ##.#.....### #.##
##...<......#####..####
##................)....####
#.............####...####.#
.)........[...###....##P..## #
..........)....#.....##PP.P######
...............g@>..###P.P.#.....
#..............g....###....#.....
###...........g##...##..P.P#.....
# ##........g.####.###†PP###)...#
# ##.....#...# #..##.###......#
#..####...# #...............
##.####...## #...............
#..##.....###...............
##..#.......#................


You could see 4 gnolls.

Vanquished Creatures
  A hornet (D:5)
  Eustachio (D:4)
  An ice beast (D:5)
  A scorpion (D:5)
  A killer bee (D:5)
  2 crimson imps (D:5)
  A jelly (D:5)
  3 orc priests
  A hound (D:4)
  4 orc wizards
  Ijyb (D:2)
  2 iguanas
  A worker ant (D:5)
  A killer bee zombie (D:5)
  A worker ant zombie (D:5)
  10 adders
  2 oozes
  An adder skeleton (D:5)
  4 worms
  3 dart slugs
  4 leopard geckos
  18 orcs
  7 giant cockroaches
  13 hobgoblins
  5 jackals (D:4)
  3 quokkas
  2 ball pythons
  6 bats
  6 frilled lizards (D:5)
  12 goblins
  A jackal skeleton (D:4)
  8 kobolds
  7 rats
134 creatures vanquished.

Notes
Turn   | Place    | Note
-------+----------+-------------------------------------------
     0 | D:1      | McCoppin the Octopode Necromancer began the quest for the Orb.
     0 | D:1      | Reached XP level 1. HP: 11/11 MP: 3/3
   392 | D:1      | Reached XP level 2. HP: 11/17 MP: 5/5
  1038 | D:1      | Reached XP level 3. HP: 13/21 MP: 6/6
  1043 | D:1      | Learned a level 3 spell: Vampiric Draining
  1127 | D:1      | Reached skill level 5 in Stealth
  1793 | D:2      | Reached XP level 4. HP: 27/27 MP: 7/7
  1964 | D:2      | Found a shimmering altar of Xom.
  1968 | D:2      | Noticed Ijyb
  1999 | D:2      | Killed Ijyb
  2046 | D:2      | Reached skill level 1 in Fighting
  2262 | D:2      | Found a runed door.
  2437 | D:2      | Reached XP level 5. HP: 23/33 MP: 8/8
  2448 | D:2      | Learned a level 3 spell: Regeneration
  2495 | D:3      | Found an opulent altar of Gozag.
  2542 | D:3      | Found a radiant altar of Vehumet.
  2581 | D:3      | Found a snail-covered altar of Cheibriados.
  2669 | D:3      | Found a blossoming altar of Fedhas.
  2670 | D:3      | Found a basalt altar of Yredelemnul.
  3154 | D:3      | Reached skill level 5 in Necromancy
  3318 | D:4      | Found a shattered altar of Ashenzari.
  3357 | D:4      | Reached XP level 6. HP: 41/41 MP: 9/9
  4000 | D:4      | Noticed Eustachio
  4017 | D:4      | Killed Eustachio
  4017 | D:4      | Reached XP level 7. HP: 48/48 MP: 8/10
  4081 | D:5      | Entered Level 5 of the Dungeon
  4144 | D:5      | Found a sacrificial altar of Ru.
  4147 | D:5      | Found a bloodstained altar of Trog.
  4149 | D:5      | Found a sparkling altar of Nemelex Xobeh.
  4150 | D:5      | Found a stormy altar of Qazlal.
  4155 | D:5      | Reached skill level 1 in Long Blades
  4326 | D:5      | Found a deep blue altar of Sif Muna.
  4419 | D:5      | Reached skill level 5 in Fighting
  4505 | D:5      | Found a burning altar of Makhleb.
  4807 | D:5      | Reached XP level 8. HP: 52/55 MP: 11/11
  4987 | D:5      | Noticed a hornet
  4998 | D:5      | Killed a hornet
  5853 | D:5      | HP: 1/57 [killer bee (10)]
  6336 | D:5      | Slain by a gnoll

Skill      XL: |  1  2  3  4  5  6  7  8 |
---------------+-------------------------+-----
Stealth        | 3 4 5 6 |  6.0
Fighting       | 1 2 4 5 6 |  6.2
Necromancy     | 5 6 |  6.1
Long Blades    | 2 4 |  4.2
Dodging        | |  2.0
Spellcasting   | |  2.0

Action                   |  1- 3 |  4- 6 |  7- 9 || total
-------------------------+-------+-------+-------++-------
Melee: Unarmed           |    33 |       |       ||    33
       Constrict         |    17 |    41 |    22 ||    80
       Tentacles         |    10 |    30 |    25 ||    65
       Dagger            |    42 |   161 |   146 ||   349
 Cast: Pain              |     2 |       |       ||     2
       Vampiric Draining |       |     9 |     5 ||    14
       Regeneration      |       |       |     4 ||     4
  Use: Scroll            |       |     4 |     2 ||     6
       Potion            |       |     1 |     5 ||     6
 Stab: Sleeping          |     6 |    13 |     6 ||    25
       Distracted        |     1 |       |     1 ||     2
  Eat: Chunk             |     3 |     8 |     2 ||    13
       Bread ration      |     1 |       |     2 ||     3
Armor: Skin              |     4 |    11 |     5 ||    20
Dodge: Dodged            |    45 |    91 |    98 ||   234
